 Dungeon Crawl Stone Soup version 0.28-a0-802-g09f76e8c00 (webtiles) character file.

Game seed: 10432903556133656542

7534 pokeman the Thaumaturge (level 10, -11/56 HPs)
             Began as a Deep Elf Hedge Wizard on Nov 6, 2021.
             Was a Believer of Vehumet.
             Shot with an arrow by a centaur warrior (13 damage)
             ... on level 9 of the Dungeon.
             The game lasted 00:39:25 (11317 turns).

pokeman the Thaumaturge (Deep Elf Hedge Wizard)    Turns: 11317, Time: 00:39:26

Health: -11/56     AC: 20    Str:  7    XL:     10   Next: 96%
Magic:  23/30      EV: 12    Int: 23    God:    Vehumet [**....]
Gold:   847        SH:  0    Dex: 14    Spells: 26/38 levels left

rFire   + . .      SeeInvis .   o - +8 spear (venom)
rCold   . . .      Faith    .   (no shield)
rNeg    . . .      Spirit   .   G - +3 leather armour {rF+}
rPois   .          Reflect  .   p - +0 helmet
rElec   .          Harm     .   N - +0 cloak
rCorr   .          Rampage  .   T - +0 pair of gloves
Will    +....                   v - +1 pair of boots
Stlth   ++........              (no amulet)
HPRegen 0.18/turn               j - +4 ring of protection
MPRegen 0.22/turn               q - +4 ring of protection

@: lethally poisoned (-11 -> -17)
A: no striking features
a: Renounce Religion


You were on level 9 of the Dungeon.
You worshipped Vehumet.
Vehumet was pleased with you.
You visited 2 branches of the dungeon, and saw 12 of its levels.

You collected 847 gold pieces.

Inventory:

Hand Weapons
 o - a +8 spear of venom (weapon)
 M - a +0 hand crossbow
Missiles
 g - 87 arrows
 t - 63 bolts
 O - 2 throwing nets
Armour
 p - a +0 helmet (worn)
 v - a +1 pair of boots (worn)
 w - a scarf of harm
 G - a +3 leather armour of fire resistance (worn)
 L - a +0 leather armour of cold resistance
 N - a +0 cloak (worn)
 T - a +0 pair of gloves (worn)
Magical Staves
 J - a staff of death
Jewellery
 h - an amulet of guardian spirit
 j - a +4 ring of protection (left hand)
 n - a ring of magical power
 q - a +4 ring of protection (right hand)
 K - a +4 ring of slaying
 R - a +6 ring of dexterity
 S - a ring of resist corrosion
 U - a +6 ring of intelligence
Wands
 c - a wand of charming (12)
 H - a wand of flame (38)
Scrolls
 a - a scroll of fear {unknown}
 e - 9 scrolls of identify {unknown}
 k - a scroll of vulnerability {unknown}
 m - 2 scrolls of magic mapping {unknown}
 r - 4 scrolls of teleportation {unknown}
 s - a scroll of brand weapon {unknown}
 x - 2 scrolls of summoning {unknown}
 y - 3 scrolls of holy word {unknown}
 z - 2 scrolls of noise {unknown}
 A - 2 scrolls of enchant armour {unknown}
 C - 2 scrolls of immolation
 D - a scroll of amnesia {unknown}
 P - a scroll of blinking {unknown}
 Q - 2 scrolls of enchant weapon {unknown}
Potions
 b - 2 potions of might {unknown}
 d - a potion of flight {unknown}
 f - 2 potions of magic {unknown}
 i - 3 potions of curing {unknown}
 l - 4 potions of cancellation
 u - a potion of attraction {unknown}
 B - 2 potions of brilliance {unknown}
 E - 4 potions of heal wounds {unknown}
 F - a potion of resistance {unknown}
 I - a potion of mutation


   Skills:
 - Level 4.1 Fighting
 + Level 4.3 Armour
 - Level 3.1 Dodging
 - Level 3.0 Stealth
 * Level 14.6 Spellcasting
 + Level 8.4 Conjurations
 - Level 1.1 Summonings
 - Level 1.1 Necromancy
 - Level 1.1 Translocations
 + Level 6.8 Fire Magic
 - Level 1.0 Air Magic
 - Level 1.2 Poison Magic
 - Level 1.3 Evocations


You had 26 spell levels left.
You knew the following spells:

 Your Spells              Type           Power      Damage    Failure   Level
a - Magic Dart            Conj           100%       1d8       1%          1
b - Mephitic Cloud        Conj/Pois/Air  33%        N/A       3%          3
c - Call Imp              Summ           21%        N/A       4%          2
d - Blink                 Tloc           42%        N/A       4%          2
e - Conjure Flame         Conj/Fire      51%        6-21      1%          3
f - Foxfire               Conj/Fire      100%       2x1d9     1%          1

Your spell library contained the following spells:

 Spells                   Type           Power      Damage    Failure   Level
 Scorch                   Fire           96%        2d10      1%          2
 Animate Skeleton         Necr           44%        N/A       3%          1
 Pain                     Necr           88%        1d8       3%          1
 Slow                     Hex            64%        N/A       4%          1
 Vampiric Draining        Necr           22%        2d7       9%          3
 Animate Dead             Necr           11%        N/A       30%         4
 Petrify                  Tmut/Erth      16%        N/A       45%         4
 Borgnjor's Vile Clutch   Necr/Erth      9%         N/A       71%         5
 Metabolic Englaciation   Hex/Ice        8%         N/A       80%         5
 Death Channel            Necr           11%        N/A       99%         6
 Statue Form              Tmut/Erth      10%        N/A       100%        6


Dungeon Overview and Level Annotations

Branches:
Dungeon (11/15)            Temple (1/1) D:6
   Lair: D:8-11         Orc: D:9-12

Altars:
Ashenzari
Cheibriados
Elyvilon
Fedhas
Gozag
Hepliaklqana
Makhleb
Nemelex Xobeh
Okawaru
Qazlal
Ru
Sif Muna
Trog
Uskayaw
Vehumet
Wu Jian
Xom
Yredelemnul
Zin
The Shining One

Shops:
D:3 (   D:7 [

Annotations:
D:7 1 runed translucent door, case's ghost, novice DgVM
D:9 3 runed translucent doors


Message History

The killer bee is engulfed in noxious fumes.
The killer bee appears confused.
The centaur warrior is engulfed in noxious fumes.
The centaur warrior appears confused.
Unknown command.
The killer bee is engulfed in noxious fumes.
The killer bee appears confused.
A killer bee comes into view.
Unknown command.
The killer bee closely misses the kobold brigand.
The killer bee stings itself.
The kobold brigand is engulfed in noxious fumes.
The kobold brigand appears confused.
The killer bee stings the kobold brigand!
The killer bee stings the kobold brigand!
The kobold brigand is poisoned.
The killer bee poisons the kobold brigand!
The kobold brigand hits the killer bee with a +1 demon trident of venom!
The killer bee is killed!
Vehumet accepts your kill.
The kobold brigand hits the centaur warrior with a +1 demon trident of venom!
The centaur warrior looks as sick as possible!
The kobold brigand seems less confused.
The centaur warrior shoots an arrow.
The arrow closely misses you.
The kobold brigand throws a curare-tipped dart.
The curare-tipped dart hits you.
You are poisoned.
You have difficulty breathing.
* * * LOW HITPOINT WARNING * * *
You feel yourself slow down.
* * * LOW HITPOINT WARNING * * *
You feel very sick.
It was a potion of cancellation.
Your magical effects are unravelling.
You feel magically purged.
You feel yourself speed up.
* * * LOW HITPOINT WARNING * * *
You feel very sick.
The centaur warrior shoots an arrow.
The arrow hits you!
You die...

####### ......#
#####c## #########
.y†.yz)###c......#
..##..†.c....###@#
.#.####.K.#### #.#
. #.. ##### ##.# .
.yh. #..# . .#l.z
#..## . .. ##
##...+ ...# K#
#...## ...# .#
#...# ... #...#


You could see a centaur warrior (extremely poisoned).

Vanquished Creatures
  Harold (D:11)
  A two-headed ogre (D:9)
  A deep elf pyromancer (D:9)
  A manticore (D:9)
  Prince Ribbit (D:8)
  A hornet (D:9)
  4 wyverns
  A shadow (D:9)
  A steam dragon (D:8)
  3 water moccasins
  3 orc warriors (D:7)
  2 black bears
  A hornet zombie (D:7)
  A necrophage (D:8)
  A centaur (D:8)
  3 ogres (D:4)
  4 kobold brigands
  3 phantoms
  2 gnoll sergeants
  A bullfrog (D:9)
  A scorpion (D:5)
  9 killer bees
  3 wights (D:8)
  4 howler monkeys
  3 centaur zombies
  4 hounds
  2 lava snakes (D:9)
  A jelly (D:6)
  A centaur skeleton (D:7)
  3 orc priests
  6 gnoll shamans
  Jessica (D:3)
  3 iguanas
  9 orc wizards
  A killer bee zombie (D:8)
  Robin (D:3)
  26 gnolls
  2 howler monkey zombies
  A howler monkey skeleton (D:5)
  10 adders
  A shadow imp (D:4)
  3 ufetubi
  An adder skeleton (D:4)
  A worm (D:2)
  A dart slug (D:1)
  29 orcs
  3 ball pythons
  6 endoplasms
  4 giant cockroaches
  12 goblins
  20 hobgoblins
  4 jackals (D:1)
  27 kobolds
  A quokka (D:2)
  6 bats
  5 frilled lizards
  5 rats
256 creatures vanquished.

Vanquished Creatures (collateral kills)
  A bullfrog (D:8)
  A gnoll (D:4)
  3 foxfires
5 creatures vanquished.

Vanquished Creatures (others)
  215 foxfires
  21 plants (D:7)
  4 toadstools (D:9)
240 creatures vanquished.

Grand Total: 501 creatures vanquished

Notes
Turn   | Place    | Note
-------+----------+-------------------------------------------
     0 | D:1      | pokeman the Deep Elf Hedge Wizard began the quest for the
                  | Orb.
     0 | D:1      | Reached XP level 1. HP: 10/10 MP: 7/7
   261 | D:1      | Reached XP level 2. HP: 15/15 MP: 5/9
   820 | D:1      | Reached skill level 5 in Spellcasting
   977 | D:1      | Reached XP level 3. HP: 20/20 MP: 8/11
   981 | D:1      | Learned a level 3 spell: Mephitic Cloud
   984 | D:1      | Learned a level 2 spell: Call Imp
   987 | D:1      | Learned a level 2 spell: Blink
   991 | D:1      | Learned a level 3 spell: Conjure Flame
  1146 | D:1      | Found a faded altar of an unknown god.
  1671 | D:2      | Reached skill level 1 in Armour
  1755 | D:2      | Reached skill level 1 in Fighting
  1862 | D:2      | Reached XP level 4. HP: 13/25 MP: 7/13
  2562 | D:2      | Reached skill level 6 in Spellcasting
  2562 | D:2      | Reached skill level 1 in Fire Magic
  2562 | D:2      | Reached XP level 5. HP: 22/29 MP: 8/15
  3106 | D:3      | Noticed Robin
  3114 | D:3      | Killed Robin
  3356 | D:3      | Reached skill level 1 in Air Magic
  3590 | D:3      | Found Xaet's Antique Weapon Shoppe.
  4052 | D:3      | Noticed Jessica
  4056 | D:3      | Killed Jessica
  4241 | D:4      | Reached XP level 6. HP: 34/34 MP: 14/17
  4289 | D:4      | Reached skill level 7 in Spellcasting
  4289 | D:4      | Reached skill level 1 in Poison Magic
  4838 | D:4      | Reached skill level 1 in Evocations
  4838 | D:4      | Reached XP level 7. HP: 12/39 MP: 8/20
  5169 | D:4      | Reached skill level 8 in Spellcasting
  5555 | D:5      | Entered Level 5 of the Dungeon
  5767 | D:5      | Reached skill level 9 in Spellcasting
  5929 | D:5      | Reached XP level 8. HP: 30/44 MP: 9/23
  6846 | D:6      | Reached skill level 5 in Conjurations
  7050 | D:6      | Reached skill level 10 in Spellcasting
  7191 | D:6      | Found a glowing silver altar of Zin.
  7326 | D:6      | Found a staircase to the Ecumenical Temple.
  7335 | Temple   | Entered the Ecumenical Temple
  7379 | Temple   | Became a worshipper of Vehumet
  7894 | D:7      | Reached skill level 11 in Spellcasting
  7894 | D:7      | Reached XP level 9. HP: 49/49 MP: 23/26
  8094 | D:7      | Found Hainirr's Armour Boutique.
  8405 | D:7      | Found a runed translucent door.
  8407 | D:7      | Noticed case's ghost (novice DgVM)
  8478 | D:7      | Reached * piety under Vehumet
  8478 | D:7      | Offered knowledge of Foxfire by Vehumet.
  8481 | D:7      | Learned a level 1 spell: Foxfire
  8621 | D:7      | Reached skill level 12 in Spellcasting
  9423 | D:8      | Reached skill level 1 in Necromancy
  9429 | D:8      | Reached ** piety under Vehumet
  9576 | D:8      | Reached skill level 5 in Fire Magic
  9640 | D:8      | Offered knowledge of Poisonous Vapours by Vehumet.
  9671 | D:8      | You fall into a shaft and drop 3 floors!
  9679 | D:11     | Noticed Harold
  9741 | D:11     | Killed Harold
  9742 | D:11     | Reached skill level 13 in Spellcasting
  9742 | D:11     | Reached XP level 10. HP: 26/56 MP: 11/29
  9751 | D:11     | Noticed a cyclops
  9902 | D:11     | Noticed a cyclops
  9967 | D:10     | Entered Level 10 of the Dungeon
  9985 | D:10     | Noticed an elephant
  9991 | D:9      | Noticed a two-headed ogre
 10027 | D:9      | Killed a two-headed ogre
 10148 | D:8      | Noticed Prince Ribbit
 10171 | D:8      | Killed Prince Ribbit
 10921 | D:9      | Found a runed translucent gate.
 10922 | D:9      | Found a runed translucent gate.
 10922 | D:9      | Found a runed translucent gate.
 10922 | D:9      | Noticed a red ugly thing
 10922 | D:9      | Noticed a red ugly thing
 10922 | D:9      | Noticed a brown ugly thing
 10923 | D:9      | Noticed a red ugly thing
 10924 | D:9      | Noticed a cyan ugly thing
 10957 | D:9      | Paralysed by a hornet for 3 turns
 11223 | D:9      | Reached skill level 14 in Spellcasting
 11251 | D:9      | Noticed a deep elf pyromancer
 11265 | D:9      | Killed a deep elf pyromancer
 11282 | D:9      | Noticed a manticore
 11297 | D:9      | Offered knowledge of Scorch by Vehumet.
 11297 | D:9      | Killed a manticore
 11303 | D:9      | Noticed a centaur warrior
 11317 | D:9      | HP: 2/56 [poisoned by a kobold brigand (curare-tipped
                  | dart)]
 11317 | D:9      | Shot with an arrow by a centaur warrior

Illustrated notes

Levels and vault maps discovered:
D:1:      dpeg_arrival_stone_temple_mockup, layout_basic,
          hellmonk_ecumenical_altar_leap_of_faith, serial_corexii_hall,
          corexii_hall_statues_x, chequers_hall_statues_wall_a
D:2:      cheibrodos_pilgrimage, layout_loops_corners
D:3:      minmay_door_path, layout_loops_ring, serial_shops,
          nicolae_shop_behind_doors, corexii_leaking_fountain,
          palyth_stone_intersect, uniq_jessica, uniq_robin
D:4:      layout_gridville, hangedman_abyss_or_decor_stabs,
          minmay_misc_feat_nine_boxes, serial_bayou_lake_a
D:5:      layout_basic, minmay_misc_feat_cross
D:6:      layout_basic, zin_statuary, minmay_temple_entry_proselytizer
D:7:      kennysheep_housing_project, layout_rooms, serial_shops,
          nicolae_shop_crystal, ebering_ghost_inner_flame, minmay_starry_boxes
D:8:      layout_rooms, uniq_prince_ribbit1
D:9:      layout_basic, ploomutoo_gammafunk_ghost_potion_laboratory,
          grunt_decor_junction, minmay_gold_behind_fungi, minmay_pinched_square,
          uniq_pikel
D:10:     layout_basic, david_lair_generic, dk_vineyard_3
D:11:     layout_basic, feat_on_display, uniq_maurice, uniq_harold
Temple:   compressed_dpeg_circular_temple

Skill      XL: |  1  2  3  4  5  6  7  8  9 10 |
---------------+-------------------------------+-----
Spellcasting   | 5 6 7 9 11 13 14 | 14.6
Armour         | 1 2 3 4 |  4.3
Fighting       | 1 2 4 |  4.1
Conjurations   | 2 3 4 5 7 8 |  8.4
Dodging        | 3 |  3.1
Fire Magic     | 1 3 5 6 |  6.8
Air Magic      | 1 |  1.0
Stealth        | 3 |  3.0
Poison Magic   | 1 |  1.2
Evocations     | 1 |  1.3
Necromancy     | 1 |  1.1
Summonings     | |  1.1
Translocations | |  1.1

Action                   |  1- 3 |  4- 6 |  7- 9 | 10-12 || total
-------------------------+-------+-------+-------+-------++-------
Melee: Dagger            |     9 |       |       |       ||     9
       Spear             |     9 |    56 |   151 |    61 ||   277
 Cast: Magic Dart        |    90 |   101 |   181 |     1 ||   373
       Mephitic Cloud    |     1 |     6 |    30 |    17 ||    54
       Conjure Flame     |       |     1 |    20 |    15 ||    36
       Blink             |       |     1 |     2 |     1 ||     4
       Call Imp          |       |       |     4 |     1 ||     5
       Foxfire           |       |       |    91 |    35 ||   126
  Use: Potion            |       |       |       |     1 ||     1
 Stab: Sleeping          |       |     6 |       |       ||     6
       Confused          |       |       |     6 |     6 ||    12
Armor: Robe              |     5 |     1 |       |       ||     6
       Leather armour    |       |    13 |    72 |    39 ||   124
Dodge: Dodged            |    23 |    22 |    81 |    41 ||   167

Table legend: (Time is in decaauts)
 A = Elapsed time spent in this place.
 B = Non-inter-level travel time spent in this place.
 C = Inter-level travel time spent in this place.
 D = Time resting spent in this place.
 E = Time spent auto-exploring this place.
 F = Levels seen in this place.
 G = Mean time per level.
                   A        B        C        D        E       F      G
               +--------+--------+--------+--------+--------+-----+--------+
         Total |  11378 |  11158 |    220 |    317 |   8797 |  12 |  948.2 |
       Dungeon |  11293 |  11112 |    181 |    317 |   8774 |  11 | 1026.6 |
        Temple |     84 |     45 |     39 |      0 |     23 |   1 |   84.0 |
               +--------+--------+--------+--------+--------+-----+--------+

Top non-repeatable levels by time:
     D:2: 1559 daAuts
     D:7: 1544 daAuts
     D:1: 1490 daAuts
     D:4: 1414 daAuts
     D:6: 1152 daAuts
     D:3: 1132 daAuts
     D:5: 1091 daAuts
     D:9: 865 daAuts
     D:8: 724 daAuts
    D:11: 296 daAuts
  Temple: 84 daAuts
    D:10: 23 daAuts
